 Dungeon Crawl Stone Soup version 0.30-a0-586-g23e55c9e0a (console) character file.

Game seed: 2139523554828055750

85769 jejorda2 the Impaler (level 15, -6/123 HPs)
             Began as a Merfolk Berserker on Jan 4, 2023.
             Was a High Priest of Trog.
             Mangled by a skeletal warrior
             ... wielding a +0 glaive
              (18 damage)
             ... on level 12 of the Dungeon.
             The game lasted 00:51:19 (18376 turns).

jejorda2 the Impaler (Merfolk Berserker)           Turns: 18376, Time: 00:51:19

Health: -6/123     AC: 27    Str: 26    XL:     15   Next: 85%
Magic:  15/15      EV: 11    Int:  9    God:    Trog [*****.]
Gold:   1233       SH:  5    Dex: 13    Spells: 14/14 levels left

rFire   + . .      SeeInvis .    a - +4 glaive
rCold   . . .      Faith    .    (shield currently unavailable)
rNeg    . . .      Spirit   .    A - +0 plate armour
rPois   +          Reflect  +    o - +1 helmet
rElec   +          Harm     .    m - +0 cloak
rCorr   +          Rampage  .    S - +2 pair of gloves "Igauf" {Contam rElec rF+}
Will    +++..                    q - +0 pair of boots Stlth
                                 M - amulet of reflection
HPRegen 1.40/turn                T - ring "Ehoullah" {rPois rCorr Int+3}
MPRegen 0.14/turn                z - +4 ring of protection

@: strong-willed, on berserk cooldown, regenerating, slowed, studying Long
Blades, very slow
A: (nimble swimmer 2), mertail
a: Renounce Religion, Berserk, Trog's Hand, Brothers in Arms


You were on level 12 of the Dungeon.
You worshipped Trog.
Trog was extremely pleased with you.
You visited 2 branches of the dungeon, and saw 17 of its levels.
You also visited: Ice Cave and Volcano.

You collected 1605 gold pieces.
You spent 372 gold pieces at shops.

Inventory:

Hand Weapons
 a - a +4 glaive (weapon)
 b - a +2 demon trident of flaming
Missiles
 h - 14 poisoned darts
 p - 3 throwing nets
 u - 2 silver javelins
 I - a curare-tipped dart
 J - 10 boomerangs (quivered)
Armour
 m - a +0 cloak (worn)
 o - a +1 helmet (worn)
 q - a +0 pair of boots (worn)
 A - a +0 plate armour (worn)
 S - the +2 pair of gloves "Igauf" (worn) {Contam rElec rF+}
   (You bought it in a shop on level 10 of the Dungeon)

   rF:        It protects you from fire.
   rElec:     It insulates you from electricity.
   Contam:    It causes magical contamination when unequipped.
Jewellery
 l - a ring of see invisible
 z - a +4 ring of protection (right hand)
 D - a ring of protection from cold
 M - an amulet of reflection (around neck)
 T - the ring "Ehoullah" (left hand) {rPois rCorr Int+3}
   (You bought it in a shop on level 10 of the Dungeon)

   [ring of poison resistance]

   Int:       It affects your intelligence (+3).
   rPois:     It protects you from poison.
   rCorr:     It protects you from acid and corrosion.
Wands
 s - a wand of roots (20)
 v - a wand of digging (14)
 w - a wand of flame (24)
 y - a wand of mindburst (11)
 B - a wand of charming (4)
 G - a wand of quicksilver (5)
 N - a wand of polymorph (5)
Scrolls
 f - 5 scrolls of fear
 g - 3 scrolls of poison
 j - a scroll of silence
 O - 3 scrolls of teleportation
 U - 2 scrolls of fog
Potions
 c - 9 potions of curing
 d - 8 potions of heal wounds
 e - a potion of ambrosia
 i - 5 potions of attraction
 k - a potion of invisibility
 t - 3 potions of cancellation
 C - 3 potions of flight
 E - 2 potions of resistance
 F - 6 potions of haste
 H - 3 potions of might
 P - a potion of mutation {unknown}
 Q - a potion of magic {unknown}
Miscellaneous
 n - a phial of floods
 r - a condenser vane
 x - a lightning rod (4/4)


   Skills:
 - Level 13.0 Fighting
 - Level 20.0 Polearms
 - Level 12.0 Throwing
 * Level 9.6 Armour
 + Level 10.2 Dodging
 - Level 6.4 Evocations


You had 14 spell levels left.
You didn't know any spells.
Your spell library was empty.

Dungeon Overview and Level Annotations

Branches:
Dungeon (12/15)            Temple (0/1) D:4            Lair (5/5) D:10
  Swamp (0/4) Lair:2       Spider (0/4) Lair:2        Slime (0/5) Lair:5
    Orc (0/2) D:10          IceCv (visited)         Volcano (visited)

Altars:
Fedhas
Hepliaklqana
Kikubaaqudgha
Okawaru
Vehumet
Xom

Shops:
D:9 *   D:10 *

Portals:
Trove: D:10 (give +5 ice dragon scales)

Annotations:
Lair:3 2 transporters, exclusion: oklob plant, Hiwav's ghost, journeyman MfGl
Lair:5 1 runed translucent door, Foxy's ghost, journeyman KoBr


Innate Abilities, Weirdness & Mutations

((You are very nimble when in or above water. (Stealth+, EV+, Speed+++)))
Your lower body shifts to a powerful aquatic tail in water.


Message History

You barely miss the kobold demonologist.
The kobold demonologist is heavily wounded.
The white imp barely misses you.
The kobold demonologist hits you but does no damage.
The ice devil hits you but does no damage.
You closely miss the kobold demonologist.
The kobold demonologist is heavily wounded.
The white imp hits you but does no damage. x2
The kobold demonologist hits you but does no damage.
The ice devil closely misses you.
You slice the kobold demonologist!!
You kill the kobold demonologist!
Trog accepts your kill.
Trog appreciates your killing of a magic user.
The white imp disappears in a puff of smoke! x2
The ice devil disappears in a puff of smoke!
You feel your dexterity returning.
Your troll goes berserk!
The skeletal warrior barely misses you.
Your troll barely misses the skeletal warrior. x3
The skeletal warrior misses you.
Your skin crawls.
You feel strong-willed.
Your troll bites the skeletal warrior.
Your troll barely misses the skeletal warrior.
Your troll claws the skeletal warrior.
The skeletal warrior hits you from afar with a +0 glaive!!
* * * LOW HITPOINT WARNING * * *
The kobold throws a poisoned dart.
You reflect the poisoned dart off an invisible shield around you!
The poisoned dart hits the kobold!
The kobold is poisoned.
Your troll bites the skeletal warrior but does no damage.
Your troll claws the skeletal warrior.
Your troll claws the skeletal warrior but does no damage.
The kobold dies!
Your troll bites the skeletal warrior!!
Your troll closely misses the skeletal warrior.
Your troll claws the skeletal warrior.
The skeletal warrior hits you from afar with a +0 glaive!!
You die...

........####....
............#....##
#.<...........#...#
#.............##..#
..............#..####
........[.........#.##
...........##........# .
#...........##...## ...
##.)@))......#...##
.....#.)......##...#..##
#...)Tz.)......###..!##
#.#.).#...#.#...##.....
.. ##.###.#####...#.....
. #. #.# .......... ..
... .......... ... ..#
.......... .... ..
##........


You could see a skeletal warrior (ally target) and a friendly troll (summoned,
berserk).

Vanquished Creatures
  Rupert (Lair:4)
  3 hydras
  Erolcha (D:11)
  A centaur warrior (D:11)
  Erica (D:10)
  4 two-headed ogres
  5 boulder beetles
  Amaemon (Lair:2)
  2 skeletal warriors (D:12)
  2 bog bodies (IceCv)
  Pikel (D:6)
  A deep elf archer (Volcano)
  7 deep elf pyromancers (Volcano)
  A wolf spider (Lair:2)
  2 ugly things
  5 cyclopes
  A manticore (D:9)
  2 elephants (Lair:4)
  3 black mambas
  An ice statue (IceCv)
  5 cane toads
  A gargoyle (D:10)
  8 komodo dragons
  An orange demon (Lair:2)
  2 rime drakes
  5 kobold demonologists (D:12)
  2 anaconda simulacra (IceCv)
  3 trolls
  4 hornets (Lair:5)
  Grinder (D:6)
  8 polar bears
  Prince Ribbit (D:8)
  7 blink frogs (Lair:2)
  2 dream sheep (Lair:5)
  Sigmund (D:4)
  4 wraiths
  64 yaks
  10 spriggans (Lair:5)
  A vampire (D:11)
  4 wyverns
  3 basilisks
  5 fire elementals (Volcano)
  3 redbacks (Lair:2)
  9 vampire mosquitoes
  3 death yak simulacra (IceCv)
  2 acid dragons (D:11)
  2 harpy simulacra (IceCv)
  5 hell hounds (Volcano)
  10 water moccasins
  6 orc warriors
  7 ice beasts
  2 sky beasts
  12 black bears
  5 boggarts
  2 ogres (D:4)
  12 centaurs
  27 wolves
  2 phantoms
  7 bullfrogs
  3 kobold brigands
  3 necrophages
  Blork the orc (D:6)
  4 gnoll sergeants
  8 two-headed ogre simulacra
  3 scorpions
  10 wights
  8 killer bees
  2 elephant simulacra (IceCv)
  4 electric eels
  A crimson imp (D:7)
  7 hounds
  2 jellies
  4 orc priests
  A gnoll bouda (D:9)
  7 iguanas
  11 orc wizards
  3 spriggan simulacra
  4 hell rats (Lair:5)
  4 polar bear simulacra (IceCv)
  8 troll simulacra
  A wolf simulacrum (IceCv)
  23 gnolls
  4 naga simulacra (IceCv)
  4 adders
  5 white imps
  10 ufetubi
  2 worms
  3 dart slugs
  68 orcs
  4 ball pythons
  A bat (D:1)
  5 endoplasms
  A giant cockroach (D:1)
  14 hobgoblins
  13 kobolds
  6 quokkas
  2 frilled lizards
  6 goblins
  5 rats
578 creatures vanquished.

Vanquished Creatures (collateral kills)
  A boulder beetle (D:11)
  A deep elf pyromancer (D:11)
  2 elephants (Lair:4)
  A gargoyle (D:12)
  A tengu conjurer (D:11)
  A basilisk (D:11)
  An acid dragon (D:11)
  A kobold (D:12)
9 creatures vanquished.

Vanquished Creatures (others)
  A deep elf pyromancer (Volcano)
  A kobold (D:12)
  28 fungi
  39 plants
69 creatures vanquished.

Grand Total: 656 creatures vanquished

Notes
Turn   | Place    | Note
-------+----------+-------------------------------------------
     0 | D:1      | jejorda2 the Merfolk Berserker began the quest for the Orb.
     0 | D:1      | Reached XP level 1. HP: 18/18 MP: 1/1
   373 | D:1      | Reached XP level 2. HP: 18/24 MP: 2/2
  1066 | D:2      | Reached XP level 3. HP: 29/29 MP: 3/3
  1264 | D:2      | Reached skill level 5 in Polearms
  1327 | D:2      | Found a faded altar of an unknown god.
  1492 | D:2      | Reached XP level 4. HP: 37/37 MP: 4/4
  1619 | D:2      | Reached ** piety under Trog
  2080 | D:3      | Reached XP level 5. HP: 38/42 MP: 5/5
  2113 | D:3      | Reached skill level 6 in Polearms
  2803 | D:4      | Noticed a black bear
  2819 | D:4      | Killed a black bear
  2820 | D:4      | Reached XP level 6. HP: 49/49 MP: 6/6
  2868 | D:4      | Reached skill level 7 in Polearms
  2975 | D:4      | Noticed Sigmund
  2982 | D:4      | Killed Sigmund
  2983 | D:4      | Reached skill level 5 in Fighting
  2983 | D:4      | Reached skill level 5 in Dodging
  2983 | D:4      | Reached XP level 7. HP: 56/56 MP: 7/7
  3106 | D:4      | Reached skill level 8 in Polearms
  3109 | D:4      | Found a staircase to the Ecumenical Temple.
  3287 | D:4      | Reached skill level 9 in Polearms
  3611 | D:4      | Reached XP level 8. HP: 57/64 MP: 8/8
  3920 | D:5      | Entered Level 5 of the Dungeon
  3981 | D:5      | Reached skill level 10 in Polearms
  4097 | D:5      | Found an iron altar of Okawaru.
  4307 | D:5      | Found a shimmering altar of Xom.
  4307 | D:5      | Noticed a troll
  4320 | D:5      | Killed a troll
  4321 | D:5      | Reached skill level 11 in Polearms
  4522 | D:5      | Reached XP level 9. HP: 67/69 MP: 9/9
  4541 | D:5      | Reached *** piety under Trog
  4588 | D:5      | Reached skill level 12 in Polearms
  4804 | D:6      | Noticed Blork the orc
  4811 | D:6      | Noticed Pikel
  4819 | D:6      | Killed Blork the orc
  4825 | D:6      | Killed Pikel
  4826 | D:6      | Reached skill level 13 in Polearms
  4858 | D:6      | Reached skill level 14 in Polearms
  4969 | D:6      | Noticed Grinder
  4979 | D:6      | Killed Grinder
  4992 | D:6      | Reached skill level 15 in Polearms
  4997 | D:6      | Reached XP level 10. HP: 76/76 MP: 10/10
  5474 | D:7      | Reached skill level 16 in Polearms
  5480 | D:7      | Identified a scroll of acquirement
  5480 | D:7      | Acquired a +0 demon trident of venom
  5649 | D:7      | You fall into a shaft and drop 2 floors!
  5672 | D:9      | Noticed a two-headed ogre
  5673 | D:9      | Noticed a manticore
  5684 | D:9      | Killed a two-headed ogre
  5687 | D:9      | Killed a manticore
  5688 | D:9      | Reached skill level 17 in Polearms
  5867 | D:9      | Noticed a cyclops
  5880 | D:9      | Killed a cyclops
  5895 | D:9      | Noticed a purple ugly thing
  5907 | D:9      | Killed a purple ugly thing
  5908 | D:9      | Reached skill level 18 in Polearms
  6045 | D:9      | Noticed a cyclops
  6045 | D:9      | Noticed a boulder beetle
  6050 | D:9      | Killed a cyclops
  6059 | D:9      | Killed a boulder beetle
  6060 | D:9      | Reached XP level 11. HP: 81/81 MP: 11/11
  6150 | D:9      | Reached skill level 19 in Polearms
  6165 | D:9      | Identified the +2 dagger "Jiymeam" {flame, rN+}
  6232 | D:9      | Reached skill level 1 in Evocations
  6314 | D:9      | Reached **** piety under Trog
  6968 | D:9      | Found Dessuwn's Overcharged Wands.
  7076 | D:9      | Found a radiant altar of Vehumet.
  7470 | D:8      | Noticed Prince Ribbit
  7472 | D:8      | Killed Prince Ribbit
  7515 | D:8      | Reached skill level 20 in Polearms
  8326 | D:7      | Found a blossoming altar of Fedhas.
  8331 | D:7      | Found an ancient bone altar of Kikubaaqudgha.
  8336 | D:7      | Found a hazy altar of Hepliaklqana.
  8465 | D:7      | Reached XP level 12. HP: 94/94 MP: 12/12
  8466 | D:7      | Reached XP level 13. HP: 108/108 MP: 13/13
  8621 | D:10     | Entered Level 10 of the Dungeon
  8704 | D:10     | Reached skill level 5 in Throwing
  8862 | D:10     | Found a staircase to the Lair.
  9061 | D:10     | Found a staircase to the Orcish Mines.
  9215 | D:10     | Found a portal to a secret trove of treasure.
  9274 | D:10     | Noticed Erica
  9293 | D:10     | Killed Erica
  9605 | D:10     | Found Kearicw's Assorted Antiques.
  9613 | D:10     | Bought a scroll labelled GOIPNI TETIALI for 24 gold pieces
  9613 | D:10     | Bought a pair of shimmering gloves for 228 gold pieces
  9613 | D:10     | Identified the +2 pair of gloves "Igauf" {Contam rElec rF+}
                  | (You bought it in a shop on level 10 of the Dungeon)
  9613 | D:10     | Bought a vibrating granite ring for 120 gold pieces
  9613 | D:10     | Identified the ring "Ehoullah" {rPois rCorr Int+3} (You
                  | bought it in a shop on level 10 of the Dungeon)
  9877 | Lair:1   | Entered Level 1 of the Lair of Beasts
  9931 | Lair:1   | Reached ***** piety under Trog
 10020 | Lair:1   | You fall into a shaft and drop 1 floor!
 10171 | Lair:2   | Reached XP level 14. HP: 101/118 MP: 14/14
 10348 | Lair:2   | Noticed Amaemon
 10354 | Lair:2   | Killed Amaemon
 10362 | Lair:2   | Received a gift from Trog
 10468 | Lair:2   | Found a staircase to the Swamp.
 10952 | Lair:2   | Found a hole to the Spider Nest.
 11498 | Lair:1   | Reached skill level 10 in Throwing
 12301 | Lair:3   | Acquired the +3 pair of gauntlets of War {Slay+5}
 12301 | Lair:3   | Found the +3 pair of gauntlets of War {Slay+5}
 12443 | Lair:3   | Found a transporter.
 12482 | Lair:3   | Noticed Hiwav's ghost (journeyman MfGl)
 12483 | Lair:3   | Found a transporter.
 12646 | Lair:4   | Found a dark tunnel.
 12669 | Volcano  | Entered a volcano
 12687 | Volcano  | Reached skill level 5 in Armour
 13138 | Lair:4   | Noticed Rupert
 13158 | Lair:4   | Killed Rupert
 13935 | Lair:5   | Entered Level 5 of the Lair of Beasts
 14220 | Lair:5   | Reached XP level 15. HP: 119/123 MP: 15/15
 14337 | Lair:5   | Found a runed translucent door.
 14340 | Lair:5   | Noticed Foxy's ghost (journeyman KoBr)
 14341 | Lair:5   | Identified the +4 spear "Hydra's Death Toll" {drain, rPois
                  | rC+ Int+4}
 14860 | Lair:5   | Found a staircase to the Slime Pits.
 15365 | Lair:5   | Received a gift from Trog
 15768 | Lair:5   | Identified the +12 rapier "Kitag" {holy, rPois}
 16381 | D:11     | Noticed Erolcha
 16388 | D:11     | Killed Erolcha
 16600 | D:11     | Found a frozen archway.
 16626 | IceCv    | Entered an ice cave
 18351 | D:12     | Reached skill level 10 in Dodging
 18376 | D:12     | Mangled by a skeletal warrior

Illustrated notes

Levels and vault maps discovered:
D:1:      evilmike_arrival_hilbert_curve, layout_basic, grunt_decor_cap
D:2:      layout_basic, hellmonk_ecumenical_altar_slurped_away
D:3:      layout_basic
D:4:      wad_crossroads, layout_basic, minmay_temple_entry_gardened_gates,
          serial_glass, glass_columns_a, glass_columns_a, glass_columns_b,
          glass_columns_a, item_on_display_a, minmay_strange_pillars,
          chequers_serial_rivers_large_a, corner_web_ring, uniq_sigmund
D:5:      layout_gridville, hangedman_feature_mirror, kennysheep_generic_room_11
D:6:      layout_rooms, uniq_grinder, uniq_blork_the_orc, uniq_pikel
D:7:      wander_river, layout_loops_ring, minmay_overflow_temple_star_quad,
          minmay_fire_ice_demons
D:8:      layout_basic, uniq_prince_ribbit1
D:9:      minmay_tri_box, layout_stronghold, general_overflow_altar,
          dk_noncrumbling_4, nicolae_shop_overcharged_wands
D:10:     layout_long_grid, hellmonk_lair_entry_icy, hiddenorc2_lemuel,
          serial_shops, shop, nicolae_trove_entry_diagonal,
          minmay_strange_pillars, nicolae_elevator_lobby_plus, uniq_erica
D:11:     minmay_the_grid_net [minmay_the_grid_box_x,
          minmay_the_grid_broken_lines, minmay_the_grid_medium_cups,
          minmay_the_grid_empty, minmay_the_grid_stretched_grid,
          minmay_the_grid_prize_big_room], layout_basic,
          portal_ice_cave_entry_ice_simulacra, uniq_erolcha
D:12:     layout_cave_pools, gauntlet_entry_generic
Lair:1:   layout_cave_shapes, serial_bayou_shore_a, grunt_megastairs_5
Lair:2:   layout_chaotic_city, minmay_swamp_entry_swarm,
          spider_nest_entry_funnel_web, uniq_amaemon
Lair:3:   layout_cave_shapes, nzn_ghost_randoct, infiniplex_staircase_pool_2
Lair:4:   layout_regular_city, enter_volcano_2, grunt_megastairs_3,
          serial_bayou_shore_b, uniq_rupert
Lair:5:   minmay_lair_end_enchanted_forest, layout_regular_city,
          dpeg_slime_entry_enclosed, ebering_ghost_funeral_grove

Skill      XL: |  1  2  3  4  5  6  7  8  9 10 11 12 13 14 15 |
---------------+----------------------------------------------+-----
Dodging        | 3 4 5 10 | 10.2
Polearms       | 5 6 7 9 11 15 18 20 | 20.0
Fighting       | 4 5 6 8 12 13 | 13.0
Armour         | 3 4 6 9 |  9.6
Evocations     | 6 |  6.4
Throwing       | 4 7 12 | 12.0

Action                   |  1- 3 |  4- 6 |  7- 9 | 10-12 | 13-15 || total
-------------------------+-------+-------+-------+-------+-------++-------
Melee: Spear             |    83 |   166 |       |       |       ||   249
       Punch             |       |     1 |       |       |       ||     1
       Halberd           |       |       |   220 |    51 |       ||   271
       Tailslap          |       |       |     1 |       |    10 ||    11
       Demon trident     |       |       |       |    66 |    20 ||    86
       Glaive            |       |       |       |   232 |  1187 ||  1419
Throw: Dart              |     2 |       |       |       |    20 ||    22
       Stone             |       |       |     9 |     9 |    10 ||    28
       Javelin           |       |       |       |     3 |       ||     3
       Boomerang         |       |       |       |       |    21 ||    21
Invok: Berserk           |     3 |     3 |     5 |     4 |    12 ||    27
       Trog's Hand       |       |     2 |     2 |     1 |    11 ||    16
       Brothers in Arms  |       |       |       |       |     4 ||     4
Evoke: Wand              |       |       |     1 |       |    12 ||    13
       Lightning rod     |       |       |       |       |     2 ||     2
       Condenser vane    |       |       |       |       |     1 ||     1
  Use: Scroll            |       |       |    12 |     6 |    14 ||    32
       Potion            |       |       |     1 |     2 |       ||     3
Armor: Animal skin       |     3 |       |       |       |       ||     3
       Ring mail         |    12 |     6 |    38 |    22 |       ||    78
       Chain mail        |       |    33 |    47 |       |       ||    80
       Scale mail        |       |       |       |    52 |    46 ||    98
       Plate armour      |       |       |       |       |   407 ||   407
Dodge: Dodged            |    35 |    40 |    93 |   133 |   318 ||   619
Block: Other             |       |       |       |     4 |   175 ||   179
       Reflection        |       |       |       |       |    10 ||    10

Table legend: (Time is in decaauts)
 A = Elapsed time spent in this place.
 B = Non-inter-level travel time spent in this place.
 C = Inter-level travel time spent in this place.
 D = Time resting spent in this place.
 E = Time spent auto-exploring this place.
 F = Levels seen in this place.
 G = Mean time per level.
                   A        B        C        D        E       F      G
               +--------+--------+--------+--------+--------+-----+--------+
         Total |  17923 |  16967 |    956 |   1827 |  11534 |  19 |  943.3 |
       Dungeon |  10757 |  10153 |    604 |    699 |   7212 |  12 |  896.4 |
          Lair |   5869 |   5517 |    352 |    589 |   3951 |   5 | 1173.8 |
      Ice Cave |    964 |    964 |      0 |    395 |    343 |   1 |  964.0 |
       Volcano |    331 |    331 |      0 |    143 |     27 |   1 |  331.0 |
               +--------+--------+--------+--------+--------+-----+--------+

Top non-repeatable levels by time:
  Lair:5: 2097 daAuts
     D:9: 1661 daAuts
     D:4: 1213 daAuts
    D:10: 1210 daAuts
  Lair:1: 1126 daAuts
  Lair:2: 1114 daAuts
  Lair:4: 1107 daAuts
     D:1: 988 daAuts
   IceCv: 964 daAuts
     D:2: 905 daAuts
    D:11: 853 daAuts
     D:5: 824 daAuts
     D:7: 816 daAuts
     D:3: 812 daAuts
     D:6: 719 daAuts
